 Dungeon Crawl Stone Soup version 0.18-a0-739-gdae9da8 (webtiles) character file.

7 M4edhros the Charlatan (level 2, -1/18 HPs)
             Began as an Octopode Artificer on Dec 10, 2015.
             Slain by a rat (2 damage)
             ... on level 1 of the Dungeon.
             The game lasted 00:00:12 (71 turns).

M4edhros the Charlatan (Octopode Artificer)           Turns: 71, Time: 00:00:12

Health: -1/18      AC:  1    Str: 10    XL:     2   Next: 0%
Magic:  4/4        EV: 12    Int: 14    God:
Gold:   11         SH:  0    Dex: 12    Spells: 0 memorised, 1 level left

rFire  . . .     SeeInvis .     a - +0 short sword
rCold  + . .     Clarity  .     (no shield)
rNeg   . . .     SustAt   .     (helmet restricted)
rPois  .         Gourm    .     (no amulet)
rElec  .         Spirit   .     h - ring of protection from cold
rCorr  .         Dismiss  .     (no ring)
rMut   .         Stasis   .     (no ring)
MR     .....                    (no ring)
Stlth  +++.......               (no ring)
                                (no ring)
                                (no ring)
                                (no ring)

@: not resistant to hostile enchantments, fairly stealthy
A: almost no armour, amphibious, 8 rings, constrict 8, camouflage 1, gelatinous
body 1
a: no special abilities


You were on level 1 of the Dungeon.
You were not hungry.

You visited 1 branch of the dungeon, and saw 1 of its levels.

You collected 11 gold pieces.

Inventory:

Hand Weapons
 a - a +0 short sword (weapon)
Jewellery
 h - a ring of protection from cold (left tentacle)
Wands
 b - a wand of flame (15)
 c - a wand of enslavement (14)
 d - a wand of random effects (15)
Scrolls
 f - a scroll of remove curse {unknown}
 g - a scroll of teleportation {unknown}
 j - a scroll of identify {unknown}
Potions
 i - a potion of mutation {unknown}
Comestibles
 e - a bread ration
 k - 3 fruits


   Skills:
 - Level 1.0 Fighting
 - Level 1.0 Short Blades
 - Level 2.0 Dodging
 + Level 2.1 Stealth
 + Level 3.6 Evocations


You had one spell level left.
You didn't know any spells.

Dungeon Overview and Level Annotations

Branches:
Dungeon (1/15)

Altars:


Innate Abilities, Weirdness & Mutations

You cannot wear most types of armour.
You are amphibious.
You can wear up to eight rings at the same time.
You can use your tentacles to constrict eight enemies at once.
Your skin changes colour to match your surroundings (Stealth).
Your rubbery body absorbs attacks (AC +1).


Message History

The bat closely misses you. The hobgoblin closely misses you.
A giant cockroach comes into view.
You barely miss the hobgoblin. Your grab misses the hobgoblin.
The bat completely misses you. The hobgoblin closely misses you.
You hit the bat. Your grab misses the bat.
The bat is moderately wounded.
The bat hits you. The bat barely misses you. The hobgoblin hits you.
* * * LOW HITPOINT WARNING * * *
The rat bites you but does no damage.
You are too injured to fight recklessly!
Evoke which item? (* to show all) (? for menu, Esc to quit)
Zapping:
c - a wand of enslavement (15)
Press: ? - help, Shift-Dir - straight line, f - rat
Aim: a rat (chance to defeat MR: 85%)
The hobgoblin is charmed.
This wand has 14 charges left.
The bat completely misses you.
Your hobgoblin hits the bat.
The bat dies!
You have reached level 2!
The rat bites you.
You die...

.....## .## .#. ......##
⌠.##.........
.......##.##..##......
..#......#....#..!..####
.....#.................#
.........#####..........
.......†.###...#........
........)........r......
........##.#....@g.s....
.............###†.......
.........#.### .........
............. %.........
...........#####........
.........### #........
.....##### .....#...
#..#.########.####.##...
...#....(.....#


You could see a giant cockroach, a rat and a friendly hobgoblin (unaware).

Vanquished Creatures
  A bat (D:1)
  2 giant cockroaches (D:1)
  A hobgoblin (D:1)
  A rat (D:1)
5 creatures vanquished.

Vanquished Creatures (collateral kills)
  A bat (D:1)
1 creature vanquished.

Grand Total: 6 creatures vanquished

Notes
Turn   | Place    | Note
--------------------------------------------------------------
     0 | D:1      | M4edhros the Octopode Artificer began the quest for the Orb.
     0 | D:1      | Reached XP level 1. HP: 13/13 MP: 3/3
    71 | D:1      | Reached XP level 2. HP: 1/18 MP: 4/4
    71 | D:1      | Slain by a rat

Vault maps used:
D:1:      minmay_arrival_five_plusses, grunt_decor_mini_mirrors

Action                   || total
-------------------------++-------
Melee: Short sword       ||    12
Evoke: Wand              ||     1
 Stab: Sleeping          ||     1
